 Dungeon Crawl Stone Soup version 0.29-a0-275-g389c0b56f3 (webtiles) character file.

Game seed: 6894380752780680095

79105 PaleWalker the Unseen (level 16, -7/104 (110) HPs)
             Began as a Kobold Gladiator on Mar 10, 2022.
             Was the Champion of Zin.
             Mangled by a rakshasa
             ... wielding a +0 trident
              (13 damage)
             ... on level 2 of the Abyss.
             The game lasted 01:20:26 (22611 turns).

PaleWalker the Unseen (Kobold Gladiator)           Turns: 22611, Time: 01:20:28

HP:   -7/104 (110)  AC: 20    Str: 15    XL:     16   Next: 10%
MP:   25/25         EV: 22    Int: 16    God:    Zin [******]
Gold: 1061          SH:  0    Dex: 26    Spells: 15/15 levels left

rFire   + . .      SeeInvis .   a - +5 rapier (flame)
rCold   . . .      Faith    .   (no shield)
rNeg    + . .      Spirit   .   v - +4 scale mail of Vukamoacw {rF+ rN+}
rPois   ∞          Reflect  .   y - +2 helmet
rElec   .          Harm     .   K - +2 cloak
rCorr   +          Rampage  .   (no gloves)
Will    ++...                   n - +2 pair of boots
Stlth   +++++++...              r - amulet of regeneration
HPRegen 1.07/turn               I - ring of willpower
MPRegen 0.19/turn               f - ring of Oravokei {Fly rCorr}

@: vitalised, about to teleport, flying, wreathed by umbra, drained
A: small, no large weapons, nightstalker 3
a: Renounce Religion, Recite, Vitalisation, Imprison, Sanctuary, Donate Gold


You were on level 2 of the Abyss.
You worshipped Zin.
Zin was exalted by your worship.
You visited 5 branches of the dungeon, and saw 21 of its levels.
You visited the Abyss 1 time.
You also visited: Sewer and Bailey.

You collected 2099 gold pieces.
You spent 840 gold pieces at shops.
You donated 198 gold pieces to Zin.

Inventory:

Hand Weapons
 a - a +5 rapier of flaming (weapon)
 g - a +5 dagger of electrocution
Missiles
 d - 2 throwing nets (quivered)
 e - 19 boomerangs
Armour
 n - a +2 pair of boots (worn)
 v - the +4 scale mail of Vukamoacw (worn) {rF+ rN+}
   (You took it off an orc on level 3 of the Dungeon)

   rF:        It protects you from fire.
   rN:        It protects you from negative energy.
 y - a +2 helmet (worn)
 K - a +2 cloak (worn)
Jewellery
 f - the ring of Oravokei (right hand) {Fly rCorr}
   (You bought it in a shop on level 2 of the Orcish Mines)

   [ring of flight]

   Fly:       It grants you flight.
   rCorr:     It protects you from acid and corrosion.
 q - a ring of wizardry
 r - an amulet of regeneration (around neck)
 D - a +6 ring of intelligence
 G - a ring of ice
 I - a ring of willpower (left hand)
 M - a +4 ring of protection
 O - a ring of protection from fire
 T - an amulet of reflection
Wands
 s - a wand of flame (37)
 A - a wand of iceblast (23)
 B - a wand of mindburst (3)
 H - a wand of digging (7)
 L - a wand of paralysis (4)
Scrolls
 b - 2 scrolls of magic mapping
 i - 3 scrolls of immolation
 k - a scroll of teleportation
 l - 4 scrolls of noise
 w - 3 scrolls of amnesia
 x - 3 scrolls of fog
 z - a scroll of torment
 C - 5 scrolls of fear
 E - 3 scrolls of silence
 F - 6 scrolls of identify
 N - a scroll of blinking
 P - 2 scrolls of holy word
Potions
 c - a potion of resistance {unknown}
 h - 8 potions of mutation
 j - a potion of flight
 m - a potion of magic
 o - 3 potions of lignification
 p - 3 potions of haste
 t - a potion of ambrosia
 u - 4 potions of brilliance
 J - 6 potions of curing
 Q - a potion of cancellation {unknown}
 R - a potion of might
 S - 2 potions of heal wounds


   Skills:
 + Level 16.1 Fighting
 - Level 14.7 Short Blades
 - Level 2.1 Throwing
 * Level 3.8 Armour
 - Level 12.8 Dodging
 - Level 17.5 Stealth
 - Level 13.0 Invocations


You had 15 spell levels left.
You didn't know any spells.
Your spell library contained the following spells:

 Spells                   Type           Power      Damage    Failure   Level
 Magic Dart               Conj           0%         1d3       67%         1
 Sandblast                Erth           0%         2d4       67%         1
 Summon Small Mammal      Summ           0%         N/A       67%         1
 Call Imp                 Summ           0%         N/A       80%         2
 Passwall                 Tmut/Erth      0%         N/A       80%         2
 Call Canine Familiar     Summ           0%         N/A       95%         3
 Conjure Flame            Conj/Fire      0%         6-21      95%         3
 Dazzling Flash           Conj/Hex       0%         N/A       95%         3
 Gell's Gravitas          Tloc           0%         N/A       95%         3
 Ignite Poison            Fire/Tmut/Pois 0%         N/A       95%         3
 Lesser Beckoning         Tloc           0%         N/A       95%         3
 Mephitic Cloud           Conj/Pois/Air  0%         N/A       95%         3
 Portal Projectile        Hex/Tloc       0%         N/A       95%         3
 Stone Arrow              Conj/Erth      0%         3d7       95%         3
 Summon Guardian Golem    Hex/Summ       0%         N/A       95%         3
 Teleport Other           Tloc           0%         N/A       95%         3
 Tukima's Dance           Hex            0%         N/A       95%         3
 Anguish                  Hex/Necr       0%         N/A       100%        4
 Fulminant Prism          Conj/Hex       0%         3d6       100%        4
 Hailstorm                Conj/Ice       0%         3d3       100%        4
 Ice Form                 Ice/Tmut       0%         N/A       100%        4
 Iskenderun's Mystic Bla  Conj/Tloc      0%         2d3       100%        4
 Sticky Flame             Conj/Fire      0%         2d3       100%        4
 Agony                    Necr           0%         N/A       100%        5
 Blade Hands              Tmut           0%         N/A       100%        5
 Excruciating Wounds      Necr           0%         N/A       100%        5
 Lee's Rapid Deconstruct  Erth           0%         3d5*      100%        5
 Silence                  Hex/Air        0%         N/A       100%        5
 Summon Forest            Summ/Tloc      0%         N/A       100%        5
 Summon Mana Viper        Hex/Summ       0%         N/A       100%        5
 Simulacrum               Ice/Necr       0%         N/A       100%        6
 Starburst                Conj/Fire      0%         6d3       100%        6
 Summon Cactus Giant      Summ           0%         N/A       100%        6
 Enfeeble                 Hex            0%         N/A       100%        7


Dungeon Overview and Level Annotations

Branches:
Dungeon (10/15)            Temple (0/1) D:6            Lair (6/6) D:8
 Shoals (2/4) Lair:4        Snake (0/4) Lair:2        Slime (1/5) Lair:6
    Orc (2/2) D:9             Elf (0/3) Orc:2         Sewer (visited)
 Bailey (visited)

Altars:
Cheibriados
Elyvilon
Fedhas
Hepliaklqana
Kikubaaqudgha
Makhleb
Nemelex Xobeh
Ru
Uskayaw
Wu Jian
Xom
Zin
The Shining One
Beogh

Shops:
Orc:1 *   Orc:2 [=[(*

Annotations:
D:4 1 runed translucent door, indyram44's ghost, novice DrTm
Lair:1 2 runed translucent doors, frimble's ghost, journeyman DjCA
Shoals:2 Nikola
Orc:2 Amaemon


Innate Abilities, Weirdness & Mutations

You are small and have problems with some larger weapons.
You are completely attuned to the shadows.


Message History

The rakshasa gestures at you. The lance of force misses you.
The profane servitor hits you but does no damage.
The profane servitor hits you with a +2 whip.
You partially resist.
You feel drained.
You hit the profane servitor but do no damage.
The profane servitor is heavily damaged.
The rakshasa hits you from afar with a +0 trident!
You barely miss the profane servitor.
The profane servitor is heavily damaged.
The profane servitor barely misses you.
The profane servitor hits you but does no damage.
You barely miss the profane servitor.
The profane servitor is heavily damaged.
The profane servitor hits you but does no damage. x2
The rakshasa closely misses you.
You hit the profane servitor but do no damage.
The profane servitor is heavily damaged.
The profane servitor hits you with a +2 whip!
The profane servitor draws strength from your injuries!
The profane servitor hits you with a +2 whip.
* * * LOW HITPOINT WARNING * * *
You miss the profane servitor.
The profane servitor is heavily damaged.
You are ready to recite again.
The rakshasa gestures at you. The lance of force misses you.
As you read the scroll of teleportation, it crumbles to dust.
You feel strangely unstable.
You feel the power of the Abyss delaying your translocation!
The profane servitor hits you with a +2 whip!
* * * LOW HITPOINT WARNING * * *
The profane servitor draws strength from your injuries!
The profane servitor hits you but does no damage.
The profane servitor hits you with a +2 whip!!
* * * LOW HITPOINT WARNING * * *
The profane servitor draws strength from your injuries!
The profane servitor hits you but does no damage.
The rakshasa hits you from afar with a +0 trident!
You die...

##......#..
# . . #...
..#..... #.
. ..# .
#... . #...
.. .. # #.#
#.#.# .. #
.## ..#. ..
. . .#
##R### ..
#..#.A##.#
. . # #
#@...# #
.#. .
#..#..#.#
.## .##.
.#... #†#
..#. .##.
#. ##


You could see a profane servitor and a rakshasa.

Vanquished Creatures
  Rupert (Orc:2)
  Gastronok (Lair:2)
  Kirke (Shoals:1)
  Nessos (Orc:2)
  A merfolk javelineer (Shoals:2)
  3 hydras
  Fannar (Lair:2)
  A merfolk avatar (Lair:6)
  Erica (Orc:1)
  2 two-headed ogres
  A catoblepas (Lair:6)
  A centaur warrior (Shoals:2)
  6 death yaks (Lair:6)
  3 orc high priests (Orc:2)
  Urug (Orc:2)
  The ghost of sammy202020 the Skirmisher, a novice DsBe of Trog (D:8)
  4 sea snakes
  7 orc knights
  3 orc sorcerers (Orc:2)
  7 harpies (Shoals:1)
  3 fauns (Shoals:2)
  3 manticores
  14 elephants
  6 black mambas
  2 merfolk sirens
  2 eyes of devastation
  A demonic crawler (Abyss:2)
  An orange demon (Orc:1)
  2 torpor snails (Lair:6)
  8 komodo dragons
  20 cane toads
  3 rime drakes
  3 trolls
  2 hornets (Lair:6)
  4 merfolk
  8 wind drakes
  4 polar bears
  35 blink frogs
  4 slime creatures (Slime:1)
  5 snapping turtles
  4 shadows
  Sigmund (D:2)
  A wraith (D:8)
  A ynoxinul (Abyss:2)
  2 water elementals
  46 yaks
  3 wyverns
  2 hogs (Shoals:1)
  A chaos spawn (Abyss:2)
  5 basilisks
  4 wargs
  Menkaure (D:7)
  An acid dragon (D:9)
  A floating eye (Lair:6)
  2 nagas (Lair:2)
  19 water moccasins
  25 orc warriors
  A sky beast (D:7)
  Pargi (Sewer)
  2 ice beasts
  5 black bears
  8 ogres
  3 wolves (Lair:1)
  5 centaurs
  2 phantoms (D:6)
  16 bullfrogs
  8 kobold brigands
  Blork the orc (D:6)
  3 necrophages
  2 gnoll sergeants
  A scorpion (D:5)
  10 killer bees
  3 howler monkeys
  2 small abominations (Abyss:2)
  2 jellies
  14 orc priests
  3 hounds
  3 iguanas (D:5)
  16 orc wizards
  Ijyb (D:3)
  3 hell rats
  20 gnolls
  15 adders
  8 river rats
  3 ufetubi
  4 worms
  4 dart slugs
  66 orcs
  9 ball pythons
  7 endoplasms
  5 giant cockroaches
  8 goblins
  9 hobgoblins
  12 jackals
  24 kobolds
  2 quokkas
  7 bats
  9 frilled lizards
  10 rats
633 creatures vanquished.

Vanquished Creatures (others)
  An orc priest (Orc:2)
  2 orc wizards (Orc:2)
  An orc (Orc:1)
  A kobold (Bailey)
  68 fungi
  A lurking horror (Abyss:2)
  A pillar of salt (Abyss:2)
  76 plants
  2 withered plants (D:4)
153 creatures vanquished.

Grand Total: 786 creatures vanquished

Notes
Turn   | Place    | Note
-------+----------+-------------------------------------------
     0 | D:1      | PaleWalker the Kobold Gladiator began the quest for the
                  | Orb.
     0 | D:1      | Reached XP level 1. HP: 12/12 MP: 1/1
   107 | D:1      | Reached XP level 2. HP: 18/18 MP: 2/2
   125 | D:1      | Reached skill level 1 in Stealth
   390 | D:1      | Found a faded altar of an unknown god.
   436 | D:1      | Reached XP level 3. HP: 22/22 MP: 3/3
   631 | D:2      | Reached skill level 5 in Short Blades
   913 | D:2      | Noticed Sigmund
   921 | D:2      | Killed Sigmund
   922 | D:2      | Reached skill level 3 in Stealth
   922 | D:2      | Reached XP level 4. HP: 28/28 MP: 4/4
   922 | D:2      | Reached XP level 5. HP: 32/32 MP: 5/5
   922 | D:2      | Reached XP level 6. HP: 37/37 MP: 6/6
  1299 | D:2      | Reached skill level 4 in Stealth
  1768 | D:3      | Noticed Ijyb
  1769 | D:3      | Killed Ijyb
  1782 | D:2      | Reached XP level 7. HP: 43/43 MP: 7/7
  1921 | D:3      | Identified the +4 scale mail of Vukamoacw {rF+ rN+}
  2130 | D:3      | Found a glowing silver altar of Zin.
  2137 | D:3      | Became a worshipper of Zin the Law-Giver
  2149 | D:3      | Reached * piety under Zin
  2388 | D:3      | Found a glowing golden altar of the Shining One.
  2903 | D:4      | Reached skill level 5 in Fighting
  2977 | D:4      | Reached XP level 8. HP: 49/49 MP: 8/8
  2982 | D:4      | Reached ** piety under Zin
  3118 | D:4      | Found a runed translucent door.
  3118 | D:4      | Noticed indyram44's ghost (novice DrTm)
  3316 | D:5      | Entered Level 5 of the Dungeon
  3487 | D:5      | Reached skill level 10 in Short Blades
  3603 | D:5      | Reached skill level 1 in Invocations
  3604 | D:5      | Reached skill level 5 in Stealth
  3697 | D:5      | Found a hide-covered altar of Uskayaw.
  3950 | D:5      | Reached XP level 9. HP: 56/56 MP: 10/10
  4235 | D:6      | Noticed Blork the orc
  4238 | D:6      | Killed Blork the orc
  4340 | D:6      | Reached skill level 6 in Stealth
  4416 | D:6      | Found a staircase to the Ecumenical Temple.
  4443 | D:6      | Reached *** piety under Zin
  4467 | D:6      | Reached skill level 5 in Dodging
  4805 | D:6      | Found a glowing drain.
  4824 | Sewer    | Entered a sewer
  4869 | Sewer    | Reached skill level 7 in Stealth
  4873 | Sewer    | Noticed Pargi
  4875 | Sewer    | Killed Pargi
  5373 | D:7      | Noticed Menkaure
  5377 | D:7      | Killed Menkaure
  5479 | D:7      | Reached **** piety under Zin
  6032 | D:7      | Reached XP level 10. HP: 64/64 MP: 13/13
  6332 | D:7      | Reached skill level 8 in Stealth
  6550 | D:8      | Noticed a two-headed ogre
  6554 | D:8      | Killed a two-headed ogre
  6555 | D:8      | Reached skill level 5 in Invocations
  6598 | D:8      | Found an ornate altar of the Wu Jian Council.
  6733 | D:8      | Found a runed translucent gate.
  6733 | D:8      | Found a runed translucent gate.
  6733 | D:8      | Found a runed translucent gate.
  6760 | D:8      | Reached skill level 9 in Stealth
  6985 | D:8      | Noticed an elephant
  6986 | D:8      | Found a staircase to the Lair.
  7343 | D:8      | Reached ***** piety under Zin
  7513 | D:8      | Noticed sammy202020's ghost (novice DsBe)
  7583 | D:8      | Killed sammy202020's ghost
  7632 | D:8      | HP: 3/65 [something (26)]
  7827 | D:9      | Found a staircase to the Orcish Mines.
  7874 | D:9      | Reached skill level 10 in Stealth
  7935 | D:8      | Reached XP level 11. HP: 53/71 MP: 14/16
  8248 | D:9      | Noticed a two-headed ogre
  8252 | D:9      | Killed a two-headed ogre
  8279 | D:9      | Found a hazy altar of Hepliaklqana.
  8658 | D:9      | Found a blossoming altar of Fedhas.
  8824 | D:9      | Found a shimmering altar of Xom.
  8826 | D:9      | Found a sparkling altar of Nemelex Xobeh.
  8827 | D:9      | Found a snail-covered altar of Cheibriados.
  8831 | D:9      | Found a white marble altar of Elyvilon.
  8833 | D:9      | Found a sacrificial altar of Ru.
  8834 | D:9      | Found a burning altar of Makhleb.
  8837 | D:9      | Found an ancient bone altar of Kikubaaqudgha.
  8863 | D:10     | Entered Level 10 of the Dungeon
  8946 | D:10     | Reached skill level 11 in Stealth
  9166 | D:10     | Reached skill level 10 in Fighting
  9263 | D:10     | Found a flagged portal.
  9271 | Bailey   | Entered a bailey
  9521 | Bailey   | Found a burning altar of Makhleb.
  9765 | D:10     | Reached ****** piety under Zin
  9921 | Orc:1    | Entered Level 1 of the Orcish Mines
  9982 | Orc:1    | Noticed Erica
  9986 | Orc:1    | Killed Erica
  9987 | Orc:1    | Reached skill level 10 in Dodging
  9987 | Orc:1    | Reached skill level 12 in Stealth
 10053 | Orc:2    | Entered Level 2 of the Orcish Mines
 10053 | Orc:2    | Noticed Rupert
 10053 | Orc:2    | Found Baot's Antique Armour Emporium.
 10055 | Orc:2    | Killed Rupert
 10056 | Orc:2    | Reached XP level 12. HP: 79/79 MP: 17/17
 10741 | Orc:1    | Reached skill level 13 in Stealth
 10988 | Orc:2    | Noticed Urug
 10995 | Orc:2    | Killed Urug
 10999 | Orc:2    | Found a staircase to the Elven Halls.
 11010 | Orc:2    | Noticed Nessos
 11032 | Orc:2    | Killed Nessos
 11443 | Orc:2    | Noticed an orc high priest
 11459 | Orc:2    | Noticed an orc high priest
 11492 | Orc:1    | Noticed Amaemon
 11845 | Orc:2    | Noticed a soul eater
 11848 | Orc:2    | Noticed an orc high priest
 12185 | Orc:2    | Reached skill level 14 in Stealth
 12452 | Orc:2    | Identified a scroll of acquirement
 12452 | Orc:2    | Acquired a +4 rapier of flaming
 12503 | Orc:2    | Killed an orc high priest
 12504 | Orc:2    | Reached XP level 13. HP: 80/86 MP: 18/18
 12780 | Orc:2    | Found Giogeludwo's Jewellery Shop.
 12780 | Orc:2    | Found Ejaekisch's Assorted Antiques.
 12801 | Orc:2    | Found Ugrazed's Weapon Shoppe.
 12801 | Orc:2    | Found Cuqer's Armour Shop.
 12810 | Orc:2    | Bought the ring of Oravokei {Fly rCorr} for 481 gold pieces
 12814 | Orc:2    | Bought a +0 pair of boots for 67 gold pieces
 12814 | Orc:2    | Bought a +1 helmet for 172 gold pieces
 13039 | Orc:1    | Found Numuil's General Store.
 13055 | Orc:1    | Bought a scroll of enchant weapon for 120 gold pieces
 13312 | Lair:1   | Entered Level 1 of the Lair of Beasts
 13766 | Lair:1   | Found a large runed translucent door.
 13767 | Lair:1   | Found a large runed translucent door.
 14343 | Lair:1   | Noticed frimble's ghost (journeyman DjCA)
 14609 | Lair:2   | Noticed a seven-headed hydra
 14630 | Lair:2   | Killed a seven-headed hydra
 14646 | Lair:2   | Noticed an eight-headed hydra
 14654 | Lair:2   | Killed an eight-headed hydra
 14697 | Lair:2   | Reached XP level 14. HP: 90/94 MP: 20/20
 14790 | Lair:2   | Reached skill level 15 in Stealth
 14815 | Lair:2   | Noticed Fannar
 14819 | Lair:2   | Killed Fannar
 15072 | Lair:2   | Found a staircase to the Snake Pit.
 15233 | Lair:2   | Noticed Gastronok
 15253 | Lair:2   | Killed Gastronok
 15475 | Lair:3   | You are sucked into a shaft and drop 1 floor!
 15688 | Lair:4   | Reached skill level 16 in Stealth
 15924 | Lair:4   | Found a staircase to the Shoals.
 16636 | Lair:3   | Reached skill level 17 in Stealth
 16655 | Lair:3   | Identified the +10 arbalest of Tenacity {penet, rElec rPois
                  | Dex-4}
 18397 | Lair:6   | Entered Level 6 of the Lair of Beasts
 18509 | Lair:6   | Reached XP level 15. HP: 101/101 MP: 22/22
 18534 | Lair:6   | Reached skill level 10 in Invocations
 19059 | Lair:6   | Reached skill level 15 in Fighting
 19149 | Lair:6   | Identified the +4 trident of the Immovable Violins {vorpal,
                  | rF- rC+ Str+4}
 19720 | Lair:6   | Found a staircase to the Slime Pits.
 20159 | Slime:1  | Entered Level 1 of the Pits of Slime
 20192 | Slime:1  | Noticed a rockslime
 20201 | Slime:1  | Noticed an acid blob
 20237 | Slime:1  | Noticed a rockslime
 20364 | Shoals:1 | Entered Level 1 of the Shoals
 20842 | Shoals:1 | Noticed Kirke
 20873 | Shoals:1 | Killed Kirke
 20997 | Shoals:1 | Reached skill level 1 in Armour
 21876 | Shoals:2 | Reached XP level 16. HP: 90/110 MP: 25/25
 22169 | Shoals:2 | Noticed Nikola
 22372 | Shoals:2 | Cast into level 2 of the Abyss (merfolk impaler)
 22576 | Abyss:2  | Noticed a profane servitor
 22611 | Abyss:2  | Mangled by a rakshasa

Illustrated notes

Levels and vault maps discovered:
D:1:      minmay_arrival_wavy_path, layout_rooms, ebering_ecumenical_altar_rust
D:2:      layout_rooms, serial_co_window_serial, co_window_paths_a,
          co_window_corner_a, co_window_corner_a, co_window_cross_1,
          co_window_corner_a, co_window_unsneaky_path_e,
          co_window_unsneaky_path_d, co_window_broadway_a,
          co_window_of_opportunity_c, co_window_paths_c, co_window_broadway_c,
          co_window_paths_e, glass_columns_a, glass_columns_a, glass_columns_a,
          glass_columns_a, glass_columns_a, kennysheep_another_room,
          kennysheep_flooded_box, uniq_sigmund
D:3:      layout_rooms, mainiacjoe_overflow_tiny_flanked,
          mainiacjoe_overflow_alcove_1, minmay_fractal_squares_5, uniq_ijyb
D:4:      layout_cave_pools, gammafunk_ghost_grave, dreamdust_gnoll_farm
D:5:      layout_loops_cross, lemuel_crystal_altar
D:6:      layout_gridville, minmay_temple_entry_metal_lava,
          portal_sewer_entry_e, uniq_blork_the_orc
D:7:      layout_layer_cave, uniq_menkaure
D:8:      layout_rooms, mainiacjoe_overflow_chevrons, david_lair_generic,
          gammafunk_ghost_spectres, serial_park_tiny_2
D:9:      layout_irregular_city, kennysheep_mini,
          nicolae_overflow_hallway_of_the_gods, minmay_stone_trees_small,
          minmay_splitting_lines
D:10:     layout_cave_pools, special_room [special_room_orc], enter_bailey_2
Lair:1:   layout_roguey, ebering_ghost_disaster_area,
          infiniplex_staircase_pool_2, grunt_megastairs_5, lemuel_fruit_tree,
          serial_bayou_shore_b
Lair:2:   layout_loops_ring, guppyfry_snake_entry_island, grunt_megastairs_4,
          uniq_gastronok, uniq_fannar
Lair:3:   layout_roguey, beast_lair_carwin_8, grunt_megastairs_3
Lair:4:   layout_concentric_octagons, elwin_shoals_entry_rocks
Lair:5:   layout_misc_corridors, serial_bayou_shore_b
Lair:6:   gammafunk_lair_ancient_temple, layout_regular_city,
          minmay_slime_entry_eyes, kennysheep_rathole
Shoals:1: layout_shoals, uniq_kirke
Shoals:2: layout_shoals, nicolae_shoals_hunting_party, uniq_nikola
Slime:1:  layout_caves
Orc:1:    layout_caves, serial_shops, nicolae_shop_crystal, uniq_erica,
          uniq_amaemon
Orc:2:    grunt_orc_tribal_feast, layout_caves, serial_shops, shop_fountains,
          special_room, mines1_david, uniq_nessos, uniq_urug, uniq_rupert
Abyss:2:  base: Depths:1, gammafunk_corrupted_shrine

Skill      XL: |  1  2  3  4  5  6  7  8  9 10 11 12 13 14 15 |
---------------+----------------------------------------------+-----
Stealth        | 1 3 4 5 7 10 12 14 17 | 17.5
Short Blades   | 6 7 9 10 12 14 | 14.7
Fighting       | 3 4 5 6 7 9 10 12 13 14 16 | 16.1
Invocations    | 2 4 6 7 8 9 13 | 13.0
Dodging        | 4 6 8 10 11 12 | 12.8
Armour         | 3 |  3.8
Throwing       | |  2.1

Action                   |  1- 3 |  4- 6 |  7- 9 | 10-12 | 13-15 | 16-18 || total
-------------------------+-------+-------+-------+-------+-------+-------++-------
Melee: Rapier            |     7 |       |       |    14 |  1233 |    96 ||  1350
       Dagger            |    54 |    66 |   487 |   792 |       |       ||  1399
       Punch             |       |       |     8 |    21 |    20 |     3 ||    52
       Short sword       |       |       |       |    75 |       |       ||    75
Throw: Throwing net      |       |       |       |     4 |     1 |       ||     5
Invok: Vitalisation      |       |       |     1 |     2 |    12 |     1 ||    16
       Recite            |       |       |       |    16 |     7 |     4 ||    27
Evoke: Wand              |       |       |       |       |     2 |       ||     2
  Use: Scroll            |       |       |       |    34 |     9 |     2 ||    45
       Potion            |       |       |       |     6 |     1 |     1 ||     8
 Stab: Sleeping          |    13 |    11 |    27 |    25 |    57 |     6 ||   139
       Distracted        |       |       |     6 |     1 |    11 |       ||    18
       Confused          |       |       |       |     6 |     5 |     2 ||    13
       Paralysed         |       |       |       |     5 |     7 |       ||    12
       Invisible         |       |       |       |    16 |     3 |       ||    19
       Held in net/web   |       |       |       |     2 |       |       ||     2
Armor: Leather armour    |     9 |     9 |     9 |       |       |       ||    27
       Scale mail        |       |       |   127 |   245 |   335 |    42 ||   749
Dodge: Dodged            |    35 |    37 |   227 |   472 |   739 |    74 ||  1584

Table legend: (Time is in decaauts)
 A = Elapsed time spent in this place.
 B = Non-inter-level travel time spent in this place.
 C = Inter-level travel time spent in this place.
 D = Time resting spent in this place.
 E = Time spent auto-exploring this place.
 F = Levels seen in this place.
 G = Mean time per level.
                   A        B        C        D        E       F      G
               +--------+--------+--------+--------+--------+-----+--------+
         Total |  21285 |  20281 |   1004 |   1374 |  13515 |  24 |  886.9 |
       Dungeon |   9115 |   8549 |    566 |    107 |   6548 |  10 |  911.5 |
          Lair |   6475 |   6187 |    288 |    230 |   4496 |   6 | 1079.2 |
        Shoals |   1893 |   1886 |      7 |    165 |   1289 |   2 |  946.5 |
    Slime Pits |     87 |     87 |      0 |      0 |     23 |   1 |   87.0 |
  Orcish Mines |   3113 |   2970 |    143 |    811 |    996 |   2 | 1556.5 |
         Abyss |    209 |    209 |      0 |     56 |     53 |   1 |  209.0 |
         Sewer |    149 |    149 |      0 |      0 |     97 |   1 |  149.0 |
        Bailey |    241 |    241 |      0 |      5 |     13 |   1 |  241.0 |
               +--------+--------+--------+--------+--------+-----+--------+

Top non-repeatable levels by time:
   Orc:2: 2537 daAuts
  Lair:6: 1544 daAuts
     D:8: 1311 daAuts
     D:2: 1223 daAuts
     D:7: 1178 daAuts
Shoals:1: 1039 daAuts
  Lair:4: 1039 daAuts
  Lair:1: 1009 daAuts
  Lair:2: 988 daAuts
  Lair:3: 982 daAuts
     D:9: 976 daAuts
     D:5: 911 daAuts
  Lair:5: 910 daAuts
     D:6: 863 daAuts
Shoals:2: 853 daAuts
